Map: [ESL] Royal Blood

Players

Future - Winner!

  • Race: Terran Terran
  • Spawn Location: 1:00

Ukko

  • Race: Zerg Zerg
  • Spawn Location: 7:00

Event: ESL SC2 Masters 2023 Summer (Regionals)

VOD

Have the link to the VOD?

Description

Time

  • Played on: May 5, 2023, 1:44 p.m.
  • Length: 13:00

All games in this series

Show
View Real Time Build Order
Export as new Build Order

Future Terran - Winner!

Build Orders: Liberator Opening, Reaper Expand 

Get SALT Encoding   

  12  0:00  SCV  
  13  0:15  SCV  
  13  0:17  Supply Depot  
  14  0:27  SCV  
  15  0:39  Barracks, SCV  
  16  0:43  Refinery  
  16  0:51  SCV  
  17  1:04  SCV  
  18  1:16  SCV  
  19  1:26  Reaper  
  19  1:28  Orbital Command  
  20  1:39  Command Center  
  20  1:49  Supply Depot  
  20  1:53  SCV  
  21  1:57  Marine  
  22  2:05  SCV  
  22  2:07  Factory  
  23  2:17  SCV  
  23  2:19  Refinery  
  23  2:20  Barracks Reactor  
  24  2:29  SCV  
  25  2:42  SCV  
  26  2:51  Orbital Command  
  26  2:53  Starport  
  26  2:54  SCV  
  27  3:03  Hellion x2  
  31  3:06  SCV, Barracks Tech Lab  
  31  3:11  Supply Depot  
  32  3:16  SCV  
  32  3:18  SCV  
  34  3:24  Hellion x2  
  38  3:28  SCV  
  38  3:30  Liberator, SCV  
  43  3:39  Marine  
  43  3:40  Stimpack, SCV  
  45  3:42  SCV  
  46  3:52  SCV  
  46  3:54  SCV  
  48  4:01  Supply Depot  
  45  4:03  Hellion x2  
  45  4:05  SCV  
  45  4:06  SCV  
  50  4:17  SCV  
  50  4:18  SCV, Command Center  
  51  4:24  Barracks  
  51  4:27  Barracks  
  51  4:29  Supply Depot  
  51  4:31  SCV x2  
  53  4:32  Factory Reactor  
  53  4:41  Engineering Bay x2  
  53  4:43  SCV x2  
  53  4:44  Marine, Starport Tech Lab  
  56  4:49  Refinery  
  56  4:55  SCV x2  
  56  4:58  Supply Depot  
  58  5:01  Refinery  
  58  5:06  Marine  
  59  5:07  SCV x2  
  61  5:14  Marine x2  
  61  5:17  Terran Infantry Weapons Level 1, Starport Reactor, Terran Infantry Armor Level 1  
  61  5:21  SCV x2  
  61  5:22  Marine x2, Combat Shield  
  61  5:23  Siege Tank  
  67  5:32  Marine x3  
  67  5:33  SCV x2  
  72  5:40  Marine x2  
  74  5:45  SCV x2  
  76  5:50  Marine x3, Supply Depot  
  76  5:54  Medivac  
  76  5:55  Medivac, Siege Tank  
  86  5:57  Marine x2, SCV  
  86  5:58  SCV  
  86  6:02  Orbital Command  
  90  6:06  Bunker  
  90  6:10  SCV x2, Supply Depot  
  90  6:11  Marine x2  
  92  6:17  Marine x3  
  97  6:21  Supply Depot  
  97  6:22  SCV x2  
  99  6:26  Supply Depot  
  99  6:29  Marine x2  
  99  6:32  SCV  
  102  6:34  SCV x2  
  102  6:37  Marine x3  
  107  6:44  Barracks  
  107  6:45  Barracks  
  107  6:46  SCV x3, Marine  
  111  6:47  Marine  
  111  6:48  Armory  
  112  6:55  Marine  
  112  6:57  Refinery x2  
  112  6:58  SCV  
  112  6:59  SCV x2  
  116  7:01  Supply Depot  
  116  7:03  Siege Tank  
  116  7:06  Marine  
  116  7:07  Marine x2  
  122  7:10  SCV  
  122  7:13  Supply Depot  
  122  7:14  Factory  
  123  7:16  Medivac  
  123  7:22  Marine  
  125  7:25  Marine  
  125  7:26  Marine x2, Supply Depot  
  125  7:28  Medivac  
  131  7:30  Supply Depot  
  131  7:33  Barracks Tech Lab x2  
  131  7:35  Siege Tank  
  134  7:39  Marauder  
  134  7:40  Marine  
  137  7:45  Supply Depot  
  137  7:46  Supply Depot  
  137  7:47  Supply Depot  
  133  7:54  Marauder x2, Marine x3  
  133  7:58  Medivac x2  
  144  8:04  Terran Infantry Weapons Level 2  
  144  8:05  Terran Infantry Armor Level 2  
  144  8:07  Marine  
  144  8:09  Concussive Shells  
  144  8:10  Factory Tech Lab  
  145  8:13  Siege Tank  
  145  8:16  Marauder  
  145  8:19  Marine  
  151  8:20  Marauder  
  151  8:24  Sensor Tower  
  151  8:25  Terran Vehicle Weapons Level 1, Supply Depot  
  153  8:32  Siege Tank  
  152  8:41  Command Center  
  152  8:45  Missile Turret  
  151  8:52  Marauder x3, Marine x2  
  151  8:54  Siege Tank  
  162  9:02  Marine x2  
  164  9:11  Supply Depot  
  164  9:12  Supply Depot  
  164  9:14  Marauder x2  
  166  9:18  Siege Tank  
  166  9:19  Marauder  
  166  9:20  Marine  
  172  9:26  Siege Tank  
  151  9:42  Marine  
  151  9:43  Marauder x2  
  151  9:45  Marine, Marauder  
  154  9:51  Siege Tank  
  148  9:55  Barracks x2  
  148  9:56  Barracks  
  148  9:58  Siege Tank  
  151  10:00  Marine  
  151  10:04  Marauder x2  
  151  10:07  Marauder  
  158  10:12  Marine x3  
  161  10:20  Sensor Tower  
  161  10:21  SCV x3  
  163  10:22  Missile Turret  
  163  10:24  Marine  
  163  10:25  Marauder x2, Siege Tank  
  163  10:27  Marine, Medivac  
  175  10:30  Medivac  
  175  10:34  Terran Vehicle Weapons Level 2  
  171  10:44  Barracks Reactor x2, Barracks Tech Lab  
  171  10:46  Marauder  
  171  10:47  Marauder  
  171  10:48  Siege Tank  
  171  10:49  Planetary Fortress  
  171  10:57  Siege Tank  
  171  11:00  Marauder  
  171  11:01  Marine x2  
  171  11:03  Marine  
  179  11:08  Marine  
  179  11:09  Marauder x3  
  186  11:16  SCV x3  
  189  11:19  Marine x2  
  189  11:21  Marine  
  189  11:22  Marauder  
  186  11:26  Marine x3  
  186  11:30  Marauder x3  
  176  11:43  Marauder  
  176  11:45  Marine  
  176  11:46  Marine x3  
  182  11:52  Marauder x3  
  188  11:55  Marine  
  188  11:56  Marine  
  188  12:00  Marine  
  191  12:04  Marauder  
  191  12:08  Marine x2  
  194  12:11  Marine x3  
  194  12:13  Marauder x3, Marine x2  
  174  12:19  Siege Tank x2  
  174  12:20  Marine  
  174  12:22  SCV x2  
  176  12:26  Marauder  
  177  12:33  Marine x2  
  177  12:34  Marine x2, Marauder x2  
  177  12:35  Marauder  
  187  12:39  Marine x2  
  176  12:47  Command Center  
Show
View Real Time Build Order
Export as new Build Order

Ukko Zerg 

Build Orders: Hatch First 

Get SALT Encoding   

  12  0:00  Drone  
  13  0:12  Overlord  
  13  0:17  Drone  
  14  0:30  Drone x2  
  16  0:48  Hatchery  
  15  0:51  Drone  
  15  0:55  Drone  
  17  0:58  Drone  
  18  1:08  Extractor  
  17  1:14  Spawning Pool  
  17  1:16  Drone  
  17  1:19  Drone  
  18  1:27  Drone  
  19  1:38  Drone  
  20  1:57  Drone  
  20  2:01  Queen x2  
  23  2:02  Zergling x4  
  27  2:10  Drone  
  27  2:11  Overlord  
  28  2:23  Hatchery  
  27  2:31  Drone x2  
  27  2:36  Queen  
  29  2:40  Metabolic Boost  
  31  2:45  Overlord  
  31  2:50  Drone x2  
  33  2:53  Drone  
  33  2:55  Drone  
  33  2:57  Drone  
  36  3:05  Drone x2  
  38  3:07  Overlord  
  38  3:10  Drone x2  
  40  3:17  Drone x3  
  43  3:25  Queen  
  45  3:27  Queen  
  45  3:29  Drone  
  45  3:31  Drone  
  49  3:35  Drone  
  49  3:41  Drone  
  51  3:42  Overlord  
  51  3:46  Zergling x8  
  53  3:54  Spore Crawler  
  47  3:58  Drone  
  47  3:59  Drone x2  
  48  4:04  Drone x3  
  51  4:10  Drone x2  
  51  4:16  Queen x2  
  57  4:19  Drone x2  
  57  4:20  Overlord  
  59  4:25  Queen  
  59  4:31  Drone x2  
  63  4:33  Spore Crawler  
  63  4:35  Spore Crawler  
  63  4:37  Drone, Spore Crawler  
  61  4:42  Zergling x6  
  61  4:44  Drone x2  
  66  4:46  Drone  
  66  4:49  Drone x2  
  67  4:55  Drone x3  
  69  5:08  Drone x3  
  72  5:17  Drone  
  72  5:19  Overlord x3  
  72  5:20  Lair  
  73  5:22  Extractor  
  73  5:23  Roach Warren  
  73  5:25  Drone x2  
  73  5:30  Evolution Chamber  
  73  5:32  Evolution Chamber  
  71  5:36  Drone x2  
  71  5:39  Drone x5  
  71  5:41  Extractor x2, Drone  
  77  5:45  Drone  
  78  5:50  Hatchery  
  78  5:56  Drone x6  
  83  5:59  Zerg Melee Weapons Level 1  
  83  6:05  Zerg Ground Armor Level 1  
  83  6:06  Drone x3  
  83  6:08  Drone x2  
  83  6:09  Extractor  
  87  6:11  Overlord  
  87  6:13  Overlord  
  87  6:14  Extractor  
  87  6:15  Drone  
  87  6:18  Drone x2  
  89  6:19  Drone x2  
  89  6:21  Glial Reconstitution  
  91  6:27  Drone  
  91  6:29  Roach x2  
  91  6:30  Baneling Nest  
  91  6:31  Roach x2  
  99  6:35  Roach x2  
  99  6:37  Overlord  
  99  6:39  Drone  
  104  6:40  Drone  
  104  6:42  Roach  
  104  6:46  Roach x3  
  113  6:52  Overlord x2  
  113  6:53  Ravager  
  114  7:06  Ravager x2  
  114  7:07  Roach x3  
  120  7:11  Roach x6  
  120  7:12  Hatchery  
  120  7:15  Drone  
  132  7:22  Zergling x10  
  137  7:28  Centrifugal Hooks  
  137  7:30  Overlord x5  
  137  7:32  Baneling x5  
  137  7:42  Infestation Pit  
  137  7:44  Zergling x2  
  137  7:50  Zergling x20  
  147  7:57  Drone x2  
  149  8:01  Hatchery  
  149  8:04  Zerg Melee Weapons Level 2, Zerg Ground Armor Level 2  
  148  8:13  Zergling x16  
  148  8:15  Baneling x3  
  148  8:17  Baneling x3  
  156  8:21  Pathogen Glands  
  156  8:26  Zergling x8  
  160  8:33  Zergling x12  
  166  8:42  Hive  
  166  8:48  Infestor x2  
  164  8:49  Zergling x14  
  164  8:52  Infestor  
  173  9:02  Infestor  
  165  9:03  Zergling x16  
  165  9:07  Baneling  
  165  9:08  Baneling x3  
  175  9:16  Baneling x5  
  175  9:17  Zergling x14  
  178  9:20  Zergling x12  
  182  9:29  Zergling x10  
  170  9:39  Zergling x14  
  173  9:47  Zergling x6  
  173  9:50  Baneling x9, Infestor  
  173  9:51  Zergling x2, Infestor  
  173  9:58  Zergling x10  
  168  10:08  Adrenal Glands  
  168  10:10  Drone  
  176  10:14  Drone x8  
  176  10:15  Ultralisk Cavern  
  168  10:23  Drone x4  
  168  10:25  Extractor, Drone  
  168  10:26  Extractor  
  171  10:29  Baneling x11  
  171  10:30  Zergling x14  
  148  10:44  Zergling x10  
  148  10:45  Zergling x6  
  144  10:53  Zergling x16  
  152  10:59  Hatchery  
  152  11:01  Zergling x8  
  152  11:02  Zergling x2  
  156  11:07  Zergling x12  
  156  11:13  Zergling x2  
  156  11:18  Chitinous Plating  
  157  11:22  Ultralisk  
  149  11:33  Ultralisk  
  154  11:47  Ultralisk  
  154  11:50  Hatchery, Zergling x4  
  154  11:53  Baneling x5  
  159  12:07  Zergling x10  
  135  12:15  Zergling x18  
  135  12:20  Zergling x4  
  136  12:26  Zergling x8  
  118  12:30  Baneling x6  
  118  12:32  Zergling x10  
  117  12:40  Zergling x8  
  117  12:42  Zergling x2  
Tags
 
Add a new tag
Caveats
  • Supply blocks, unpowered buildings, or Contaminate may cause inaccurate times.
  • Supply counts are checked every 10 seconds.